cohdb
Replays
Latest Replays
All Replays
Popular Replays
Top Player Replays
Match Explorer
How It Works
Community
CoH3 Stats
Reddit
Sign in to upload your games and track your stats! →
Sign in with Steam
Match 38902230
Unlisted
Match 38902230
Overview
Messages
Build Orders
End
Vickers Machine Gun Team
Construct Section Command Post
Infantry Section
Infantry Section
Selects Indian Artillery Battlegroup
ML 3-inch Mortar Team
Construct Field Infirmary
Infantry Section
Construct Platoon Command Post
CMP 15cwt Truck
Otto Skorzeny
SneaKerz
gb_gbg
xXtx4uXx
pruegel.bub
MaliXiouS
0
0
Comments
sign in to comment!
No comments posted yet!